 Dungeon Crawl Stone Soup version 0.28-a0-1344-g6b9ff3a05d (webtiles) character file.

Game seed: 12896425364387276249

121 Deminshera the Cutter (level 4, -2/33 HPs)
             Began as a Demonspawn Gladiator on Dec 29, 2021.
             Succumbed to an orc wizard's poison
             ... on level 2 of the Dungeon.
             The game lasted 00:06:35 (3479 turns).

Deminshera the Cutter (Demonspawn Gladiator)        Turns: 3479, Time: 00:06:36

Health: -2/33      AC:  7    Str: 17    XL:     4   Next: 77%
Magic:  4/4        EV: 11    Int:  9    God:
Gold:   89         SH:  0    Dex: 14    Spells: 3/3 levels left

rFire   . . .      SeeInvis .   a - +0 rapier
rCold   . . .      Faith    .   (no shield)
rNeg    . . .      Spirit   .   g - +0 ring mail
rPois   .          Reflect  .   (helmet restricted)
rElec   .          Harm     .   i - +0 cloak
rCorr   .          Rampage  .   j - +0 pair of gloves
Will    .....                   (no boots)
Stlth   +.........              (no amulet)
HPRegen 0.11/turn               (no ring)
MPRegen 0.09/turn               (no ring)

@: lethally poisoned (-2 -> -33), invisible
A: antennae 1
a: no special abilities


You were on level 2 of the Dungeon.
You visited 1 branch of the dungeon, and saw 3 of its levels.

You collected 89 gold pieces.

Inventory:

Hand Weapons
 a - a +0 rapier (weapon)
Missiles
 b - 24 stones
 d - 3 throwing nets (quivered)
Armour
 c - a +0 helmet
 g - a +0 ring mail (worn)
 i - a +0 cloak (worn)
 j - a +0 pair of gloves (worn)
Wands
 m - a wand of polymorph (10)
Scrolls
 e - a scroll of torment {unknown}
 f - 4 scrolls of blinking {unknown}
 h - a scroll of identify {unknown}


   Skills:
 - Level 2.0 Fighting
 * Level 3.8 Short Blades
 - Level 3.0 Throwing
 - Level 2.6 Dodging
 - Level 2.0 Stealth


You had 3 spell levels left.
You didn't know any spells.
Your spell library contained the following spells:

 Spells                   Type           Power      Damage    Failure   Level
 Summon Small Mammal      Summ           0%         N/A       58%         1
 Corpse Rot               Necr/Air       0%         N/A       75%         2
 Poisonous Vapours        Pois/Air       0%         N/A       75%         2
 Call Canine Familiar     Summ           0%         N/A       92%         3
 Summon Guardian Golem    Hex/Summ       0%         N/A       92%         3


Dungeon Overview and Level Annotations

Branches:
Dungeon (3/15)

Altars:


Innate Abilities, Weirdness & Mutations

You have a pair of small antennae on your head.


Message History

You hit the orc.
You kill the orc!
You barely miss something. Something hits you but does no damage.
You miss something. Something hits you but does no damage.
You are poisoned.
You hit something.
You feel sick.
You hear some strange, mumbled words.
You are confused.
You bump into the rock wall.
You feel sick. Something hits you.
You are more poisoned.
You completely miss something.
You feel very sick. Something hits you but does no damage.
You are lethally poisoned!
You bump into the rock wall.
You feel very sick. Something hits you.
You are more poisoned.
You completely miss something.
* * * LOW HITPOINT WARNING * * *
You feel very sick. Something hits you.
* * * LOW HITPOINT WARNING * * *
You are more poisoned.
It was a potion of heal wounds.
You feel much better.
You feel extremely sick. Something hits you.
You are more poisoned.
You bump into the rock wall.
You feel extremely sick. Something hits you.
You are more poisoned.
You bump into the rock wall.
You feel less confused.
* * * LOW HITPOINT WARNING * * *
You feel extremely sick. Something hits you but does no damage.
It was a potion of invisibility.
You fade into invisibility!
You die...

#..# ###...###....###.....
#..# #.#.....#### #.#..#
#.## #.....###### #.##.#
#.# #######..##......#
#.##.# #.#
#.......########.###.##..
..#
###.####.###.....#..##.####
#.#####...#
##>###^....##....# #
........###
#..##......####..## #
.....####
##..{@........###..###
.....# ####...###.....#.#
#...#. .....####....###
#.....#.# #.....
..........#.##
#######.###.#...
.....######.#
#.......)...###. .##### #.#
####.######.##.# #> .#
####.###....# ###.##.###.
## #........####
##.......... #........#
##...........


There were no monsters in sight!

Vanquished Creatures
  Jessica (D:3)
  3 adders
  A gnoll (D:2)
  2 worms
  2 dart slugs
  2 orcs
  6 bats
  2 endoplasms (D:2)
  3 giant cockroaches
  7 goblins
  4 hobgoblins
  A quokka (D:2)
  A ball python (D:1)
  3 frilled lizards
  8 kobolds
  2 rats (D:1)
48 creatures vanquished.

Notes
Turn   | Place    | Note
-------+----------+-------------------------------------------
     0 | D:1      | Deminshera the Demonspawn Gladiator began the quest for the
                  | Orb.
     0 | D:1      | Reached XP level 1. HP: 16/16 MP: 1/1
     2 | D:1      | Noticed an ogre
     2 | D:1      | Noticed a demonspawn
     4 | D:1      | Noticed a draconian
     4 | D:1      | Noticed a gargoyle
     8 | D:1      | Noticed a dwarf
     8 | D:1      | Noticed an elf
    10 | D:1      | Noticed a troll
    12 | D:1      | Noticed a ghoul
    14 | D:1      | Noticed a vine stalker
    14 | D:1      | Noticed an octopode
    16 | D:1      | Noticed a spriggan
    16 | D:1      | Noticed a human
    18 | D:1      | Noticed a felid
    18 | D:1      | Noticed a minotaur
    20 | D:1      | Noticed a merfolk
    20 | D:1      | Noticed a formicid
    22 | D:1      | Noticed a vampire
    22 | D:1      | Noticed a naga
    24 | D:1      | Noticed a tengu
    26 | D:1      | Noticed a demigod
   182 | D:1      | Reached skill level 1 in Stealth
   217 | D:1      | Found a faded altar of an unknown god.
   415 | D:1      | Gained mutation: You have a pair of small antennae on your
                  | head. [demonic ancestry]
   415 | D:1      | Reached XP level 2. HP: 16/22 MP: 2/2
  1345 | D:1      | Reached XP level 3. HP: 4/27 MP: 3/3
  2783 | D:2      | Reached XP level 4. HP: 33/33 MP: 4/4
  3350 | D:3      | Noticed Jessica
  3359 | D:3      | Killed Jessica
  3479 | D:2      | Succumbed to an orc wizard's poison

Illustrated notes

Levels and vault maps discovered:
D:1:      kb_arrival_jail, layout_basic, ebering_ecumenical_altar_webs
D:2:      layout_rooms
D:3:      layout_basic, grunt_ministairs_5, uniq_jessica

Skill      XL: |  1  2  3 |
---------------+----------+-----
Stealth        | 1 2 |  2.0
Throwing       | 2 3 |  3.0
Short Blades   | 3 |  3.8
Fighting       | |  2.0
Dodging        | |  2.6

Action                   |  1- 3 |  4- 6 || total
-------------------------+-------+-------++-------
Melee: Rapier            |   128 |    42 ||   170
Throw: Stone             |     8 |    28 ||    36
  Use: Potion            |     1 |     2 ||     3
 Stab: Sleeping          |       |     1 ||     1
Armor: Leather armour    |     9 |       ||     9
       Ring mail         |    32 |    17 ||    49
Dodge: Dodged            |    72 |    19 ||    91

Table legend: (Time is in decaauts)
 A = Elapsed time spent in this place.
 B = Non-inter-level travel time spent in this place.
 C = Inter-level travel time spent in this place.
 D = Time resting spent in this place.
 E = Time spent auto-exploring this place.
 F = Levels seen in this place.
 G = Mean time per level.
                   A        B        C        D        E       F      G
               +--------+--------+--------+--------+--------+-----+--------+
         Total |   3497 |   3350 |    147 |   1422 |   1405 |   3 | 1165.7 |
       Dungeon |   3497 |   3350 |    147 |   1422 |   1405 |   3 | 1165.7 |
               +--------+--------+--------+--------+--------+-----+--------+

Top non-repeatable levels by time:
     D:2: 1654 daAuts
     D:1: 1593 daAuts
     D:3: 250 daAuts
